 Dungeon Crawl Stone Soup version 0.28-a0-1387-g3a22ab9bdc (webtiles) character file.

Game seed: 11323269415387071709

76 HallandMoats the Skirmisher (level 4, -4/37 HPs)
             Began as a Demonspawn Fighter on Jan 2, 2022.
             Slain by a gnoll (7 damage)
             ... on level 2 of the Dungeon.
             The game lasted 00:03:25 (1876 turns).

HallandMoats the Skirmisher (Demonspawn Fighter)    Turns: 1876, Time: 00:03:26

Health: -4/37      AC:  3    Str: 19    XL:     4   Next: 12%
Magic:  4/4        EV: 11    Int:  9    God:
Gold:   63         SH:  4    Dex: 12    Spells: 3/3 levels left

rFire   + . .      SeeInvis .   b - +0 dagger (elec)
rCold   . . .      Faith    .   c - +0 buckler
rNeg    . . .      Spirit   .   l - +0 robe {rF+}
rPois   +          Reflect  .   (helmet restricted)
rElec   .          Harm     .   j - +0 cloak
rCorr   .          Rampage  .   (no gloves)
Will    .....                   (no boots)
Stlth   +.........              (no amulet)
HPRegen 0.12/turn               i - ring of poison resistance
MPRegen 0.09/turn               (no ring)

@: no status effects
A: horns 1
a: no special abilities


You were on level 2 of the Dungeon.
You visited 1 branch of the dungeon, and saw 2 of its levels.

You collected 63 gold pieces.

Inventory:

Hand Weapons
 a - a +0 war axe
 b - a +0 dagger of electrocution (weapon)
Armour
 c - a +0 buckler (worn)
 g - a +0 scale mail
 j - a +0 cloak (worn)
 l - a +0 robe of fire resistance (worn)
Jewellery
 i - a ring of poison resistance (left hand)
Scrolls
 e - 3 scrolls of identify {unknown}
 h - a scroll of amnesia {unknown}
Potions
 d - 2 potions of might
 f - a potion of resistance {unknown}
 k - a potion of mutation {unknown}


   Skills:
 * Level 3.7 Fighting
 * Level 2.6 Axes
 + Level 3.0 Armour
 + Level 0.7 Dodging
 + Level 3.0 Shields


You had 3 spell levels left.
You didn't know any spells.
Your spell library contained the following spells:

 Spells                   Type           Power      Damage    Failure   Level
 Ozocubu's Armour         Ice            0%         N/A       80%         3
 Ozocubu's Refrigeration  Ice            0%         4d5       100%        7


Dungeon Overview and Level Annotations

Branches:
Dungeon (2/15)

Altars:

Shops:
D:2 (


Innate Abilities, Weirdness & Mutations

You have a pair of small horns on your head.


Message History

The gnoll misses you.
You closely miss the gnoll. Your headbutt misses the gnoll.
The gnoll is severely wounded.
The gnoll hits you with a +0 spear.
* * * LOW HITPOINT WARNING * * *
You hit the gnoll but do no damage. Lightning courses through the gnoll!
You kill the gnoll!
You have reached level 4!
You feel stronger.
You hit the kobold but do no damage.
The kobold hits you with a +0 short sword.
* * * LOW HITPOINT WARNING * * *
You hit the kobold but do no damage.
The kobold hits you with a +0 short sword.
* * * LOW HITPOINT WARNING * * *
The kobold hits you but does no damage.
There is a stone staircase leading up here.
You climb upwards.
There is a stone staircase leading down here.
You start resting.
HP restored.
You start waiting.
Done waiting.
You climb downwards.
The kobold barely misses you. The gnoll closely misses you.
The kobold hits you with a +0 short sword.
There is a stone staircase leading up here.
You closely miss the gnoll. Your headbutt misses the gnoll.
The gnoll hits you with a +0 whip! You block the kobold's attack.
You hit the gnoll but do no damage. You headbutt the gnoll.
The gnoll is moderately wounded.
You block the gnoll's attack. The kobold barely misses you.
You barely miss the gnoll. Your headbutt misses the gnoll.
The gnoll is moderately wounded.
The gnoll shaman hits you with a +0 whip!
You block the gnoll's attack. You block the kobold's attack.
The gnoll shaman hits you with a +0 whip!
* * * LOW HITPOINT WARNING * * *
The gnoll hits you with a +0 whip!
You die...

.# #. ....# .#. #..# #.###
#..######## # ##.#.## #..........
....####.#.#.###.....)...#
..........###.#.....######..
..###.####.#.###).....# ##. #.#
#.# ##K###.###.#.# #. #.# #.#
#@g#.## #.#.# #. #.###.#####g#.##
#.#.#####. #...........#.#
#.#.##.... ######.###.####..#.###
#.#.##.##.
))...#.###...............#.......
####...............##########.##.
###.....####.#### #.##. #######
#.# ..... #.# #.##(


You could see a gnoll shaman, a gnoll and a kobold.

Vanquished Creatures
  2 gnolls (D:2)
  2 adders (D:2)
  A worm (D:2)
  A dart slug (D:1)
  6 ball pythons
  3 endoplasms
  2 giant cockroaches (D:1)
  A goblin (D:2)
  3 hobgoblins
  A quokka (D:1)
  2 bats
  3 frilled lizards (D:1)
  3 kobolds
  6 rats
36 creatures vanquished.

Notes
Turn   | Place    | Note
-------+----------+-------------------------------------------
     0 | D:1      | HallandMoats the Demonspawn Fighter began the quest for the
                  | Orb.
     0 | D:1      | Reached XP level 1. HP: 18/18 MP: 1/1
   270 | D:1      | Gained mutation: You have a pair of small horns on your
                  | head. [demonic ancestry]
   270 | D:1      | Reached XP level 2. HP: 20/24 MP: 2/2
   947 | D:2      | Found Igysh's Weapon Emporium.
  1098 | D:2      | Reached XP level 3. HP: 20/29 MP: 3/3
  1489 | D:2      | Reached XP level 4. HP: 10/37 MP: 4/4
  1876 | D:2      | Slain by a gnoll

Illustrated notes

Levels and vault maps discovered:
D:1:      dpeg_arrival_erosion, layout_loops_cross
D:2:      layout_loops_ring, serial_shops, nicolae_shop_bloodbath_and_beyond

Skill      XL: |  1  2  3 |
---------------+----------+-----
Axes           | 2 |  2.6
Shields        | 3 |  3.0
Armour         | 3 |  3.0
Fighting       | |  3.7
Dodging        | |  0.7

Action                   |  1- 3 |  4- 6 || total
-------------------------+-------+-------++-------
Melee: War axe           |    17 |       ||    17
       Dagger            |   100 |     5 ||   105
       Headbutt          |    11 |     1 ||    12
Armor: Scale mail        |    36 |       ||    36
       Robe              |     4 |     1 ||     5
Dodge: Dodged            |    56 |     3 ||    59
Block: Buckler           |    24 |     4 ||    28

Table legend: (Time is in decaauts)
 A = Elapsed time spent in this place.
 B = Non-inter-level travel time spent in this place.
 C = Inter-level travel time spent in this place.
 D = Time resting spent in this place.
 E = Time spent auto-exploring this place.
 F = Levels seen in this place.
 G = Mean time per level.
                   A        B        C        D        E       F      G
               +--------+--------+--------+--------+--------+-----+--------+
         Total |   1885 |   1885 |      0 |    484 |    929 |   2 |  942.5 |
       Dungeon |   1885 |   1885 |      0 |    484 |    929 |   2 |  942.5 |
               +--------+--------+--------+--------+--------+-----+--------+

Top non-repeatable levels by time:
     D:1: 1264 daAuts
     D:2: 621 daAuts
